 Dungeon Sprint DCSS version 0.17-a0-1714-g35622ae (webtiles) character file.

33660 patman the Bludgeoner (level 14, 0/130 HPs)
             Began as a Formicid Fighter on Aug 22, 2015.
             Was a High Priest of Trog.
             Slain by a frost giant
             ... wielding a +0 battleaxe of freezing
              (3 damage)
             ... in the Dungeon (Sprint IX: "|||||||||||||||||||||||||||||") on Aug 23, 2015.
             The game lasted 00:18:29 (4184 turns).

patman the Bludgeoner (Formicid Fighter)            Turns: 4184, Time: 00:18:30

Health: 0/130      AC: 29    Str: 21    XL:     14   Next: 9%
Magic:  14/14      EV:  8    Int:  9    God:    Trog [*****.]
Gold:   1900       SH: 15    Dex: 14    Spells: 0 memorised, 13 levels left

rFire  . . .     SeeInvis +     b - +7 great mace "Undeadhunter" {disrupt, rN+}
rCold  + . .     Clarity  .     d - +0 plate armour
rNeg   + . .     SustAt   .     c - +0 shield
rPois  .         Gourm    .     (helmet unavailable)
rElec  .         Spirit   .     G - +1 cloak
rCorr  .         Warding  .     w - +2 pair of gloves
rMut   .         Stasis   +     r - +1 pair of boots
MR     +++..                    (no amulet)
Stlth  ..........               B - ring of protection from cold
                                F - +2 ring of protection

@: regenerating, extremely resistant to hostile enchantments, extremely
unstealthy
A: permanent stasis, dig shafts and tunnels, four strong arms, antennae 3
a: Dig, Burn Spellbooks, Trog's Hand, Brothers in Arms, Renounce Religion


You were in the Dungeon.
You worshipped Trog.
Trog was extremely pleased with you.
You were near starving.

You visited 1 branch You collected 1900 gold pieces.

Inventory:

Hand weapons
 a - a +4 antimagic great mace
 b - the +7 great mace "Undeadhunter" (weapon) {disrupt, rN+}
   (You found it in the Dungeon)

   It protects you from negative energy.
 q - a +2 dire flail of crushing
 x - a +3 eveningstar of draining
 A - a +0 flail
Missiles
 y - a throwing net (quivered)
Armour
 c - a +0 shield (worn)
 d - a +0 plate armour (worn)
 r - a +1 pair of boots (worn)
 w - a +2 pair of gloves (worn)
 z - a +1 fire dragon armour
 G - a +1 cloak (worn)
Jewellery
 k - a +3 ring of strength
 B - a ring of protection from cold (right hand)
 C - an uncursed ring of fire
 D - an uncursed ring of poison resistance
 E - an uncursed ring of fire
 F - a +2 ring of protection (left hand)
Magical devices
 p - a wand of cold (2)
Scrolls
 n - 7 scrolls of remove curse
 o - 2 scrolls of amnesia
 u - a scroll of recharging
 H - a scroll of identify
 I - a scroll of fog
Potions
 f - 4 potions of curing
 g - a potion of resistance
 h - 2 potions of haste
 i - 4 potions of magic
 j - 3 potions of berserk rage
Comestibles
 e - 13 bread rations
 s - 40 fruits
 v - 11 meat rations


   Skills:
 * Level 18.1 Fighting
 - Level 20.4 Maces & Flails
 * Level 18.1 Armour
 - Level 18.6 Shields


You had 13 spell levels left.
You didn't know any spells.

Dungeon Overview and Level Annotations

Branches:
Dungeon (1/1)

Altars:
Cheibriados
Dithmenos
Elyvilon
Fedhas
Gozag
Kikubaaqudgha
Makhleb
Nemelex Xobeh
Okawaru
Qazlal
Ru
Sif Muna
Trog
Vehumet
Xom
Yredelemnul
Zin
The Shining One
Beogh
Jiyva
Lugonu

Shops:
D %(=[


Innate Abilities, Weirdness & Mutations

You are under a permanent stasis effect.
You can dig through walls and to a lower floor.
Your four strong arms can wield two-handed weapons with a shield.
You have a pair of large antennae on your head (SInv).


Message History

< or
F - a +2 ring of protection; > or
E - a ring of fire You remove your ring of fire.
B - a ring of protection from cold (right hand)
You block the frost giant's attack.
Unknown command.
You completely miss the frost giant.
Unknown command.
You are near starving!
You sock the frost giant!
The frost giant is lightly wounded.
The frost giant gestures at you while chanting.
The bolt of cold hits you! You resist.
* * * LOW HITPOINT WARNING * * *
Unknown command.
You beat the frost giant like a drum!!!
The frost giant is heavily wounded.
The frost giant hits you with a battleaxe of freezing!!
* * * LOW HITPOINT WARNING * * *
The frost giant freezes you.
You die...

▓▓▓▓▓▓▓▓▓▓▓▓▓▓▓▓▓▓▓▓▓▓▓▓▓▓▓
{{{..C...()(..DC@............▓
▓▓▓▓▓▓▓▓▓▓▓▓▓▓▓▓▓▓▓▓▓▓▓▓▓▓▓▓.▓
.............................▓
♣♣♣♣▓▓▓▓▓▓▓▓▓▓▓▓▓▓▓▓▓▓▓▓▓▓▓▓▓▓
...'÷)......))))......)......▓
♣♣♣♣▓▓▓▓▓▓▓▓▓▓▓▓▓▓▓▓▓▓▓▓▓▓▓▓.▓
.............................▓
▓▓▓▓▓▓▓▓▓▓▓▓▓▓▓▓▓▓▓▓▓▓▓▓▓▓▓▓▓▓
[[.[[.))).)))).....'.........▓


You could see a frost giant and a fire dragon.

Vanquished Creatures
  A frost giant (D)
  A very ugly thing (D)
  2 stone giants (D)
  A fire dragon (D)
  3 merfolk impalers (D)
  A naga warrior (D)
  Erica (D)
  3 ogre magi (D)
  A deep troll earth mage (D)
  A deep troll shaman (D)
  2 alligators (D)
  Urug (D)
  An unseen horror (shapeshifter) (D)
  A sea snake (D)
  A swamp dragon (D)
  A harpy (D)
  A naga ritualist (D)
  A necromancer (D)
  2 orc knights (D)
  A moth of wrath (D)
  An orb spider (D)
  A griffon (D)
  3 black mambas (D)
  A gargoyle (D)
  A demonic crawler (D)
  3 spiny frogs (D)
  A kobold demonologist (D)
  4 giant leeches (D)
  A merfolk (D)
  A jumping spider (D)
  6 two-headed ogres (D)
  A snapping turtle (D)
  A trapdoor spider (D)
  2 deep elf magi (D)
  A water elemental (D)
  A yak (D)
  A hippogriff (D)
  A naga (D)
  A vampire mosquito (D)
  A soldier ant (D)
  2 water moccasins (D)
  A sky beast (D)
  6 ogres (D)
  2 porcupines (D)
  A swamp drake (D)
  5 orc warriors (D)
  2 crocodiles (D)
  3 giant frogs (D)
  A crimson imp (D)
  A hound (D)
  2 jellies (D)
  7 orc wizards (D)
  An adder (D)
  An ooze (D)
  A giant gecko (D)
  7 orcs (D)
  2 bat skeletons (D)
  A goblin (D)
  A hobgoblin (D)
  A ball python zombie (D)
  A giant newt (D)
  A rat (D)
110 creatures vanquished.

Vanquished Creatures (collateral kills)
  A lich (D)
  A thorn hunter (D)
  A greater naga (D)
  A fire giant (D)
  A frost giant (D)
  A stone giant (D)
  Harold (D)
  A naga warrior (D)
  An entropy weaver (D)
  A deep troll shaman (D)
  An ogre mage (D)
  A spriggan berserker (D)
  An orc high priest (D)
  A flayed ghost (D)
  A hill giant (D)
  A guardian serpent (D)
  2 wolf spiders (D)
  An efreet (D)
  A jumping spider (D)
  A yaktaur (D)
  A troll (D)
  A bog body (D)
  A yak (D)
  A shadow (D)
  A basilisk (D)
  A water moccasin (D)
  A swamp drake (D)
  A porcupine (D)
  3 orc warriors (D)
  A crocodile (D)
  A giant frog (D)
  A crimson imp (D)
  A river rat (D)
  An orc (D)
  A giant gecko skeleton (D)
38 creatures vanquished.

Vanquished Creatures (others)
  A blink frog (D)
1 creature vanquished.

Grand Total: 149 creatures vanquished

Notes
Turn   | Place    | Note
--------------------------------------------------------------
     0 | D        | patman the Formicid Fighter began the quest for the Orb.
     0 | D        | Reached XP level 1. HP: 18/18 MP: 1/1
    21 | D        | Reached skill level 4 in Maces & Flails
    25 | D        | Reached XP level 2. HP: 13/24 MP: 2/2
   164 | D        | Noticed a jelly
   164 | D        | Noticed a jelly
   168 | D        | Killed a jelly
   168 | D        | Reached skill level 7 in Shields
   168 | D        | Reached XP level 3. HP: 26/29 MP: 3/3
   170 | D        | Killed a jelly
   170 | D        | Reached skill level 8 in Shields
   170 | D        | Reached XP level 4. HP: 26/35 MP: 4/4
   172 | D        | Reached skill level 9 in Shields
   183 | D        | Found a glowing silver altar of Zin.
   183 | D        | Found a glowing golden altar of the Shining One.
   183 | D        | Found an ancient bone altar of Kikubaaqudgha.
   183 | D        | Found a basalt altar of Yredelemnul.
   183 | D        | Found a shimmering altar of Xom.
   183 | D        | Found a radiant altar of Vehumet.
   184 | D        | Found an iron altar of Okawaru.
   185 | D        | Found a burning altar of Makhleb.
   186 | D        | Found a deep blue altar of Sif Muna.
   187 | D        | Found a bloodstained altar of Trog.
   188 | D        | Found a sparkling altar of Nemelex Xobeh.
   189 | D        | Found a white marble altar of Elyvilon.
   190 | D        | Found a roughly hewn altar of Beogh.
   191 | D        | Found a viscous altar of Jiyva.
   192 | D        | Found a corrupted altar of Lugonu.
   193 | D        | Found a blossoming altar of Fedhas.
   194 | D        | Found a snail-covered altar of Cheibriados.
   195 | D        | Found a shadowy altar of Dithmenos.
   196 | D        | Found a stormy altar of Qazlal.
   197 | D        | Found an opulent altar of Gozag.
   198 | D        | Found a sacrificial altar of Ru.
   267 | D        | Became a worshipper of Trog the Wrathful
   289 | D        | Noticed a soldier ant
   289 | D        | Noticed a deep elf mage
   289 | D        | Noticed an orc warrior
   289 | D        | Noticed a hound
   289 | D        | Noticed a gargoyle
   299 | D        | Killed a gargoyle
   299 | D        | Reached skill level 11 in Maces & Flails
   299 | D        | Reached XP level 5. HP: 16/41 MP: 5/5
   299 | D        | Reached XP level 6. HP: 18/47 MP: 6/6
   299 | D        | Reached XP level 7. HP: 19/52 MP: 7/7
   300 | D        | Reached skill level 12 in Maces & Flails
   301 | D        | Killed a hound
   303 | D        | Killed an orc warrior
   303 | D        | Acquired Trog's first power
   307 | D        | Killed a deep elf mage
   307 | D        | Reached skill level 13 in Maces & Flails
   309 | D        | Killed a soldier ant
   309 | D        | Acquired Trog's second power
   309 | D        | Reached skill level 14 in Maces & Flails
   317 | D        | Noticed an ogre
   317 | D        | Noticed a sky beast
   317 | D        | Noticed a deep elf mage
   317 | D        | Noticed a kobold demonologist
   317 | D        | Noticed a crimson imp
   318 | D        | Killed a crimson imp
   318 | D        | Reached XP level 8. HP: 32/58 MP: 8/8
   320 | D        | Killed a kobold demonologist
   323 | D        | Killed a deep elf mage
   323 | D        | Reached skill level 15 in Maces & Flails
   326 | D        | Killed a sky beast
   329 | D        | Killed an ogre
   533 | D        | Noticed a yak
   533 | D        | Noticed a water moccasin
   533 | D        | Noticed a giant frog
   533 | D        | Noticed a spiny frog
   533 | D        | Noticed a water moccasin
   533 | D        | Noticed a crocodile
   539 | D        | Noticed a water moccasin
   542 | D        | Killed a crocodile
   542 | D        | Acquired Trog's third power
   544 | D        | Killed a water moccasin
   544 | D        | Reached XP level 9. HP: 39/67 MP: 9/9
   551 | D        | Noticed a yak
   552 | D        | Killed a water moccasin
   552 | D        | Reached skill level 5 in Fighting
   552 | D        | Reached skill level 5 in Armour
   553 | D        | Noticed a spiny frog
   553 | D        | Killed a spiny frog
   553 | D        | Killed a yak
   558 | D        | Killed a giant frog
   560 | D        | Killed a water moccasin
   567 | D        | Killed a yak
   574 | D        | Killed a spiny frog
   860 | D        | Noticed a hippogriff
   860 | D        | Noticed a porcupine
   860 | D        | Noticed a porcupine
   860 | D        | Noticed a crocodile
   860 | D        | Noticed a porcupine
   860 | D        | Noticed a crocodile
   864 | D        | Noticed a giant frog
   864 | D        | Killed a crocodile
   867 | D        | Killed a porcupine
   868 | D        | Upgraded the game from 0.17-a0-1711-gc5340a3 to 0.17-a0-1714-g35622ae
   872 | D        | Killed a crocodile
   873 | D        | Noticed a basilisk
   877 | D        | Killed a porcupine
   877 | D        | Reached skill level 10 in Armour
   879 | D        | Killed a porcupine
   879 | D        | Reached skill level 10 in Fighting
   882 | D        | Killed a hippogriff
   882 | D        | Received a gift from Trog
   882 | D        | Reached XP level 10. HP: 60/86 MP: 10/10
   889 | D        | Killed a giant frog
   891 | D        | Killed a basilisk
  1043 | D        | Noticed a giant leech
  1043 | D        | Noticed a spiny frog
  1043 | D        | Noticed a giant leech
  1043 | D        | Noticed a vampire mosquito
  1043 | D        | Noticed a giant frog
  1043 | D        | Noticed a giant leech
  1050 | D        | Killed a giant leech
  1051 | D        | Noticed a giant leech
  1053 | D        | Noticed a giant frog
  1060 | D        | Killed a giant frog
  1069 | D        | Killed a vampire mosquito
  1086 | D        | Killed a giant leech
  1092 | D        | Killed a spiny frog
  1101 | D        | Killed a giant leech
  1114 | D        | Killed a giant leech
  1123 | D        | Killed a giant frog
  1364 | D        | Noticed Urug
  1378 | D        | Killed Urug
  1428 | D        | Noticed Harold
  1430 | D        | Noticed Erica
  1441 | D        | Killed Harold
  1441 | D        | Received a gift from Trog
  1450 | D        | Killed Erica
  1450 | D        | Reached XP level 11. HP: 64/99 MP: 11/11
  1643 | D        | Noticed an orc wizard
  1643 | D        | Noticed an orc wizard
  1655 | D        | Killed an orc wizard
  1659 | D        | Killed an orc wizard
  1663 | D        | Noticed an orc wizard
  1668 | D        | Noticed an orc wizard
  1672 | D        | Noticed an orc knight
  1677 | D        | Killed an orc wizard
  1677 | D        | Received a gift from Trog
  1682 | D        | Killed an orc wizard
  1695 | D        | Killed an orc knight
  1703 | D        | Noticed an orc wizard
  1705 | D        | Noticed an orc warrior
  1707 | D        | Noticed an orc wizard
  1707 | D        | Killed an orc wizard
  1717 | D        | Killed an orc warrior
  1729 | D        | Killed an orc wizard
  1765 | D        | Noticed an orc warrior
  1765 | D        | Noticed an orc warrior
  1765 | D        | Noticed an orc warrior
  1765 | D        | Noticed an orc warrior
  1765 | D        | Noticed an orc warrior
  1766 | D        | Noticed an orc warrior
  1781 | D        | Killed an orc warrior
  1782 | D        | Noticed an orc high priest
  1784 | D        | Killed an orc warrior
  1784 | D        | Received a gift from Trog
  1790 | D        | Killed an orc warrior
  1790 | D        | Reached skill level 16 in Maces & Flails
  1791 | D        | Noticed an orc knight
  1792 | D        | Noticed an orc wizard
  1797 | D        | Killed an orc warrior
  1799 | D        | Killed an orc warrior
  1799 | D        | Reached skill level 10 in Shields
  1803 | D        | Killed an orc warrior
  1807 | D        | Killed an orc high priest
  1815 | D        | Killed an orc knight
  1819 | D        | Killed an orc wizard
  1828 | D        | Received a gift from Trog
  2017 | D        | Found Itouliw's Armour Boutique.
  2017 | D        | Noticed a two-headed ogre
  2017 | D        | Noticed an ogre
  2017 | D        | Noticed an ogre mage
  2017 | D        | Noticed an ogre mage
  2017 | D        | Noticed a two-headed ogre
  2019 | D        | Killed a two-headed ogre
  2020 | D        | Noticed an ogre mage
  2022 | D        | Killed an ogre mage
  2026 | D        | Killed an ogre mage
  2026 | D        | Reached skill level 17 in Maces & Flails
  2031 | D        | Killed a two-headed ogre
  2031 | D        | Received a gift from Trog
  2035 | D        | Killed an ogre mage
  2038 | D        | Killed an ogre
  2043 | D        | Noticed a two-headed ogre
  2045 | D        | Noticed an ogre
  2046 | D        | Found Ysaoq's Jewellery Shop.
  2048 | D        | Noticed a two-headed ogre
  2051 | D        | Killed a two-headed ogre
  2052 | D        | Found Dufarghyrpho's Antique Weapon Boutique.
  2056 | D        | Killed a two-headed ogre
  2058 | D        | Killed an ogre
  2058 | D        | Received a gift from Trog
  2069 | D        | Noticed an ogre
  2070 | D        | Found Xastilap's Food Shop.
  2073 | D        | Killed an ogre
  2075 | D        | Noticed an ogre
  2076 | D        | Noticed a two-headed ogre
  2077 | D        | Noticed an ogre
  2081 | D        | Killed a two-headed ogre
  2081 | D        | Reached XP level 12. HP: 99/108 MP: 5/12
  2087 | D        | Killed an ogre
  2089 | D        | Killed an ogre
  2304 | D        | Noticed a troll
  2304 | D        | Noticed an ogre mage
  2304 | D        | Noticed a crimson imp
  2304 | D        | Noticed a shadow
  2304 | D        | Noticed an efreet
  2304 | D        | Noticed a two-headed ogre
  2309 | D        | Killed a two-headed ogre
  2311 | D        | Killed an efreet
  2313 | D        | Killed an ogre mage
  2313 | D        | Received a gift from Trog
  2315 | D        | Killed a shadow
  2315 | D        | Killed a crimson imp
  2316 | D        | Noticed a hill giant
  2317 | D        | Killed a troll
  2318 | D        | Noticed a flayed ghost
  2319 | D        | Noticed a yaktaur
  2319 | D        | Killed a hill giant
  2319 | D        | Reached skill level 18 in Maces & Flails
  2322 | D        | Noticed a stone giant
  2323 | D        | Killed a flayed ghost
  2325 | D        | Killed a yaktaur
  2328 | D        | Killed a stone giant
  2330 | D        | Noticed a deep troll shaman
  2331 | D        | Noticed a lich
  2332 | D        | Noticed a stone giant
  2333 | D        | Noticed a necromancer
  2333 | D        | Killed a lich
  2333 | D        | Received a gift from Trog
  2333 | D        | Reached skill level 15 in Shields
  2341 | D        | Killed a deep troll shaman
  2351 | D        | Killed a stone giant
  2351 | D        | Reached skill level 19 in Maces & Flails
  2354 | D        | Killed a necromancer
  2354 | D        | Received a gift from Trog
  2680 | D        | Noticed a guardian serpent
  2680 | D        | Noticed a naga ritualist
  2680 | D        | Noticed a naga warrior
  2680 | D        | Noticed a black mamba
  2680 | D        | Noticed a naga
  2680 | D        | Noticed a black mamba
  2686 | D        | Killed a black mamba
  2687 | D        | Noticed a black mamba
  2688 | D        | Killed a naga
  2691 | D        | Noticed a greater naga
  2692 | D        | Killed a black mamba
  2701 | D        | Noticed a naga warrior
  2702 | D        | Killed a naga warrior
  2707 | D        | Killed a naga ritualist
  2708 | D        | Killed a greater naga
  2708 | D        | Received a gift from Trog
  2712 | D        | Killed a guardian serpent
  2725 | D        | Killed a black mamba
  2725 | D        | Reached XP level 13. HP: 34/114 MP: 13/13
  2746 | D        | Killed a naga warrior
  3086 | D        | Noticed a white very ugly thing
  3086 | D        | Noticed an alligator
  3086 | D        | Noticed a bog body
  3086 | D        | Noticed a blink frog
  3086 | D        | Noticed a swamp drake
  3086 | D        | Noticed a swamp dragon
  3092 | D        | Killed a swamp dragon
  3092 | D        | Reached skill level 20 in Maces & Flails
  3095 | D        | Noticed an alligator
  3096 | D        | Killed a swamp drake
  3096 | D        | Received a gift from Trog
  3097 | D        | Killed a blink frog
  3099 | D        | Noticed a thorn hunter
  3101 | D        | Noticed a swamp drake
  3108 | D        | Killed an alligator
  3111 | D        | Killed a white very ugly thing
  3113 | D        | Killed an alligator
  3116 | D        | Killed a thorn hunter
  3118 | D        | Killed a bog body
  3120 | D        | Killed a swamp drake
  3510 | D        | Noticed an entropy weaver
  3510 | D        | Noticed a jumping spider
  3510 | D        | Noticed a wolf spider
  3510 | D        | Noticed a moth of wrath
  3510 | D        | Noticed a jumping spider
  3510 | D        | Noticed an orb spider
  3513 | D        | Killed a jumping spider
  3513 | D        | Received a gift from Trog
  3516 | D        | Noticed a wolf spider
  3517 | D        | Killed a jumping spider
  3519 | D        | Killed an orb spider
  3521 | D        | Killed a moth of wrath
  3528 | D        | Killed a wolf spider
  3528 | D        | Reached skill level 15 in Fighting
  3533 | D        | Killed an entropy weaver
  3533 | D        | Reached skill level 15 in Armour
  3535 | D        | Killed a wolf spider
  3543 | D        | Noticed a demonic crawler
  3556 | D        | Killed a demonic crawler
  3615 | D        | Noticed a trapdoor spider
  3616 | D        | Killed a trapdoor spider
  3616 | D        | Received a gift from Trog
  3618 | D        | Noticed a merfolk
  3618 | D        | Noticed a merfolk impaler
  3618 | D        | Noticed a griffon
  3618 | D        | Noticed a water elemental
  3618 | D        | Noticed a merfolk impaler
  3618 | D        | Noticed a snapping turtle
  3619 | D        | Noticed a sea snake
  3624 | D        | Killed a snapping turtle
  3625 | D        | Noticed a merfolk impaler
  3638 | D        | Killed a merfolk impaler
  3641 | D        | Killed a griffon
  3642 | D        | Noticed a harpy
  3651 | D        | Killed a merfolk impaler
  3654 | D        | Killed a water elemental
  3660 | D        | Killed a merfolk
  3660 | D        | Received a gift from Trog
  3666 | D        | Killed a sea snake
  3676 | D        | Killed a merfolk impaler
  3682 | D        | Killed a harpy
  4100 | D        | Noticed a deep troll earth mage
  4100 | D        | Noticed a deep troll shaman
  4100 | D        | Noticed a stone giant
  4100 | D        | Noticed an unseen horror
  4100 | D        | Noticed a frost giant
  4100 | D        | Noticed a spriggan berserker
  4107 | D        | Killed a spriggan berserker
  4110 | D        | Noticed a frost giant
  4110 | D        | Killed a frost giant
  4112 | D        | Noticed a fire giant
  4113 | D        | Killed an unseen horror
  4114 | D        | Noticed a fire dragon
  4119 | D        | Killed a stone giant
  4122 | D        | Killed a deep troll shaman
  4124 | D        | Noticed a frost giant
  4135 | D        | Killed a deep troll earth mage
  4141 | D        | Noticed a fire dragon
  4146 | D        | Killed a frost giant
  4156 | D        | Killed a fire giant
  4156 | D        | Reached XP level 14. HP: 45/130 MP: 14/14
  4170 | D        | HP: 5/130 [fire dragon/blast of flame (18)]
  4179 | D        | Killed a fire dragon
  4184 | D        | HP: 3/130 [frost giant/battleaxe of freezing (18)]
  4184 | D        | Slain by a frost giant

Vault maps used:
D:        linesprint

Action                   |  1- 3 |  4- 6 |  7- 9 | 10-12 | 13-15 || total
-------------------------+-------+-------+-------+-------+-------++-------
Melee: Flail             |    27 |     4 |       |       |       ||    31
       Dire flail        |       |     6 |    51 |   193 |       ||   250
       Eveningstar       |       |       |       |    61 |       ||    61
       Great mace        |       |       |       |    34 |   134 ||   168
Invok: Brothers in Arms  |       |       |     3 |     6 |    10 ||    19
       Trog's Hand       |       |       |       |       |     2 ||     2
Evoke: Wand              |       |       |     4 |       |     1 ||     5
  Use: Potion            |       |     4 |     1 |       |     9 ||    14
       Scroll            |       |       |       |     4 |       ||     4
 Stab: Invisible         |       |     3 |     6 |       |       ||     9
       Confused          |       |       |       |       |     3 ||     3
  Eat: Chunk             |       |       |       |     5 |     1 ||     6
       Pizza             |       |       |       |     1 |       ||     1
       Meat ration       |       |       |       |     1 |       ||     1
